 Dungeon Crawl Stone Soup version 0.30.0 (webtiles) character file.

Game seed: 3893515646543248643

8497 Mahakala the Severer (level 11, 0/94 HPs)
             Began as a Minotaur Berserker on May 6, 2023.
             Was an Elder of Trog.
             Slain by a komodo dragon (5 damage)
             ... while petrified by a basilisk
             ... on level 1 of the Lair of Beasts.
             The game lasted 00:29:49 (7781 turns).

Mahakala the Severer (Minotaur Berserker)           Turns: 7781, Time: 00:29:49

Health: 0/94       AC: 15    Str: 32    XL:     11   Next: 10%
Magic:  10/10      EV:  2    Int:  4    God:    Trog [****..]
Gold:   532        SH:  0    Dex: 10    Spells: 10/10 levels left

rFire   . . .        a - +4 war axe
rCold   . . .        (no shield)
rNeg    + + +        N - +0 plate armour
rPois   ∞            (helmet restricted)
rElec   .            m - +0 cloak
rCorr   .            (no gloves)
SInv    .            (no boots)
Will    +....        l - amulet of regeneration Stlth
                     h - ring of willpower
HPRegen 1.15/turn    j - +6 ring of strength
MPRegen 0.12/turn

%: no passive effects
@: petrified
A: horns 2, retaliatory headbutt
a: Renounce Religion, Berserk, Trog's Hand, Brothers in Arms


You were on level 1 of the Lair of Beasts.
You worshipped Trog.
Trog was greatly pleased with you.
You visited 2 branches of the dungeon, and saw 10 of its levels.

You collected 562 gold pieces.
You spent 30 gold pieces at shops.

Inventory:

Hand Weapons
 a - a +4 war axe (weapon)
 v - a +0 hand axe
Missiles
 c - 29 poisoned darts (quivered)
 e - 88 stones
 f - 4 boomerangs
 q - 5 curare-tipped darts {!f}
 y - 3 throwing nets {!f}
 S - 6 javelins
Armour
 m - a +0 cloak (worn)
 I - a scarf of resistance
 N - a +0 plate armour (worn)
 R - a +1 kite shield of poison resistance
Jewellery
 h - a ring of willpower (left hand)
 j - a +6 ring of strength (right hand)
 l - an amulet of regeneration (around neck)
 z - a +5 ring of evasion
 O - an amulet of faith {!P}
 Q - a ring of poison resistance
Wands
 b - a wand of polymorph (16)
 d - a wand of iceblast (13)
 t - a wand of flame (31)
 u - a wand of paralysis (12)
 x - a wand of quicksilver (7)
 M - a wand of mindburst (10)
Scrolls
 k - a scroll of enchant armour {unknown}
 n - a scroll of vulnerability {unknown}
 o - a scroll of poison {!r}
 p - a scroll of immolation {!r}
 w - 3 scrolls of amnesia {unknown}
 A - 3 scrolls of teleportation {@r4}
 B - 4 scrolls of fear {unknown}
 C - 2 scrolls of fog
 D - 5 scrolls of identify {@r1}
 G - 3 scrolls of enchant weapon
 L - a scroll of magic mapping
Potions
 g - 2 potions of attraction {!q}
 i - 4 potions of might
 r - 3 potions of mutation {!q}
 s - 2 potions of flight {unknown}
 E - 2 potions of haste {@q3}
 F - a potion of brilliance {unknown}
 H - a potion of heal wounds {unknown}
 J - a potion of lignification {unknown}
 K - a potion of cancellation {unknown}
 P - 5 potions of curing {@q1}


   Skills:
 - Level 7.8 Fighting
 - Level 16.0 Axes
 - Level 8.9 Armour
 - Level 4.3 Dodging
 + Level 2.7 Shields
 + Level 3.7 Evocations


You had 10 spell levels left.
You didn't know any spells.
Your spell library was empty.

Dungeon Overview and Level Annotations

Branches:
Dungeon (9/15)             Temple (0/1) D:4            Lair (1/5) D:9
    Orc: D:9-12

Altars:
Ashenzari
Kikubaaqudgha
Uskayaw
Xom
Zin

Shops:
D:2 *   D:8 ?

Annotations:
D:8 exclusion: orange crystal statue
Lair:1 exclusion: oklob plant


Innate Abilities, Weirdness & Mutations

You have a pair of horns on your head.
You reflexively headbutt those who attack you in melee.


Message History

You hit the komodo dragon but do no damage.
The wyvern bites you but does no damage.
The basilisk bites you but does no damage.
The wyvern completely misses you. The komodo dragon bites you.
Your limbs are stiffening.
You slash the basilisk!
You kill the basilisk!
Trog accepts your kill.
You slice the wyvern!! You slash the komodo dragon!
The wyvern bites you but does no damage.
The komodo dragon bites you but does no damage.
You completely miss the komodo dragon.
You punch the komodo dragon, but do no damage.
The komodo dragon is severely wounded.
You hit the wyvern.
The wyvern bites you! x2; The komodo dragon bites you!
You have turned to stone.
The wyvern bites you!
The komodo dragon bites you but does no damage.
The wyvern bites you!
* * * LOW HITPOINT WARNING * * *
The wyvern bites you!
* * * LOW HITPOINT WARNING * * *
The komodo dragon bites you!
* * * LOW HITPOINT WARNING * * *
The wyvern bites you!
* * * LOW HITPOINT WARNING * * *
The komodo dragon bites you!!
* * * LOW HITPOINT WARNING * * *
The wyvern bites you!
* * * LOW HITPOINT WARNING * * *
The wyvern bites you but does no damage.
The komodo dragon bites you!
* * * LOW HITPOINT WARNING * * *
The wyvern bites you. The komodo dragon bites you!
* * * LOW HITPOINT WARNING * * *
The wyvern bites you!
* * * LOW HITPOINT WARNING * * *
The wyvern bites you but does no damage.
The komodo dragon bites you!
You die...

#........## ##.......
#.......## ###.......
#.......#. #.P.......
.......##### ##.........
....P..###.P########..........
...P_P.......#..).............
.........?..............
......ll$...............
......†@................
.$.................)....
........................
........................
.......####.#..........#
....... #####P.......# ..../..
##........ ....... ###......
.....#


You could see a komodo dragon and a wyvern.

Vanquished Creatures
  Urug (Lair:1)
  Pikel (D:5)
  The ghost of Huckebein the Ducker, a novice DjGl of Qazlal (D:6)
  An ice statue (D:8)
  Psyche (D:9)
  Maggie (Lair:1)
  Grinder (D:3)
  A hornet (D:8)
  A wraith (D:9)
  A basilisk (Lair:1)
  7 yaks
  A steam dragon (D:5)
  Menkaure (D:7)
  A water moccasin (D:5)
  The ghost of workbot the Trooper, an amateur OgBe of Trog (D:3)
  An ice beast (D:5)
  2 black bears
  3 sky beasts
  2 ogres (D:5)
  2 phantoms
  3 centaurs
  2 kobold brigands (D:7)
  8 bullfrogs
  5 scorpions
  2 gnoll sergeants
  11 wights (D:8)
  7 killer bees
  A howler monkey (D:8)
  An electric eel (D:8)
  A jelly (D:5)
  7 hounds
  3 orc priests
  2 gnoll boudas
  2 iguanas
  Natasha (thrice) (D:4)
  4 orc wizards
  3 hell rats
  10 adders
  21 gnolls
  2 shadow imps
  2 white imps
  An ufetubus (D:5)
  A worm (D:3)
  3 dart slugs
  26 orcs
  6 ball pythons
  2 endoplasms (D:4)
  5 goblins
  3 hobgoblins
  6 quokkas
  2 bats
  2 frilled lizards (D:2)
  15 kobolds
  4 rats
207 creatures vanquished.

Vanquished Creatures (others)
  A scorpion (D:5)
  An adder (D:5)
  6 fungi
  4 plants (D:5)
12 creatures vanquished.

Grand Total: 219 creatures vanquished

Notes
Turn   | Place    | Note
-------+----------+-------------------------------------------
     0 | D:1      | Mahakala the Minotaur Berserker began the quest for the
                  | Orb.
     0 | D:1      | Reached XP level 1. HP: 19/19 MP: 0/0
    55 | D:1      | Reached skill level 4 in Axes
   294 | D:1      | Reached XP level 2. HP: 24/26 MP: 1/1
   598 | D:2      | Found a faded altar of an unknown god.
   887 | D:2      | Found Lavvoam's General Store.
   980 | D:2      | Reached XP level 3. HP: 31/31 MP: 2/2
  1237 | D:2      | Reached skill level 5 in Axes
  1605 | D:3      | Reached XP level 4. HP: 39/39 MP: 3/3
  1656 | D:3      | Found a glowing silver altar of Zin.
  1735 | D:3      | Noticed Grinder
  1735 | D:3      | Paralysed by Grinder for 4 turns
  1751 | D:3      | Killed Grinder
  1752 | D:3      | Reached skill level 6 in Axes
  1752 | D:3      | Reached skill level 5 in Armour
  1752 | D:3      | Reached XP level 5. HP: 26/45 MP: 4/4
  1752 | D:3      | Reached XP level 6. HP: 29/51 MP: 5/5
  1905 | D:3      | Found a runed translucent gate.
  1905 | D:3      | Found a runed translucent gate.
  1905 | D:3      | Found a runed translucent gate.
  1910 | D:3      | Noticed workbot's ghost (amateur OgBe)
  1977 | D:3      | Killed workbot's ghost
  1978 | D:3      | Reached skill level 7 in Axes
  2048 | D:4      | Noticed Natasha
  2088 | D:4      | Killed Natasha
  2100 | D:4      | Found a staircase to the Ecumenical Temple.
  2121 | D:4      | Reached skill level 8 in Axes
  2121 | D:4      | Reached XP level 7. HP: 58/60 MP: 6/6
  2134 | D:4      | Reached ** piety under Trog
  2379 | D:4      | Reached skill level 5 in Fighting
  2799 | D:4      | Noticed Natasha
  2812 | D:4      | Killed Natasha
  3101 | D:4      | Noticed Natasha
  3105 | D:4      | Killed Natasha
  3106 | D:4      | Reached skill level 9 in Axes
  3142 | D:5      | Entered Level 5 of the Dungeon
  3320 | D:5      | Reached skill level 10 in Axes
  3369 | D:5      | Reached XP level 8. HP: 68/68 MP: 7/7
  3551 | D:5      | Reached skill level 11 in Axes
  3637 | D:5      | Found a shimmering altar of Xom.
  3648 | D:5      | Noticed Pikel
  3655 | D:5      | Killed Pikel
  3656 | D:5      | Reached skill level 12 in Axes
  3702 | D:5      | Reached skill level 13 in Axes
  3915 | D:5      | Reached XP level 9. HP: 74/74 MP: 8/8
  4443 | D:6      | Reached skill level 14 in Axes
  4470 | D:6      | Reached *** piety under Trog
  5168 | D:6      | Found a broken altar of Ashenzari.
  5182 | D:6      | Found a runed translucent door.
  5200 | D:6      | Noticed Huckebein's ghost (novice DjGl)
  5306 | D:6      | Killed Huckebein's ghost
  5307 | D:6      | Reached skill level 15 in Axes
  5450 | D:7      | Reached **** piety under Trog
  5508 | D:7      | Found a hide-covered altar of Uskayaw.
  5521 | D:7      | Reached XP level 10. HP: 81/81 MP: 9/9
  5602 | D:7      | Noticed Menkaure
  5609 | D:7      | Killed Menkaure
  6091 | D:7      | Identified the +1 pair of boots of Okawaru's Displeasure
                  | {rCorr Int+3}
  6376 | D:8      | Paralysed by a hornet for 1 turns
  6427 | D:8      | Reached skill level 16 in Axes
  6448 | D:8      | Noticed an ice statue
  6456 | D:8      | Killed an ice statue
  6582 | D:8      | Found Zeprouwn's Magic Scroll Shoppe.
  6625 | D:8      | Bought a scroll of teleportation for 30 gold pieces
  6666 | D:8      | Reached skill level 1 in Evocations
  7116 | D:8      | Noticed an orange crystal statue
  7318 | D:9      | Noticed a death yak
  7322 | D:9      | Noticed a death yak
  7324 | D:9      | Noticed a death yak
  7339 | D:8      | Reached ***** piety under Trog
  7383 | D:9      | Noticed Psyche
  7396 | D:9      | Killed Psyche
  7569 | D:9      | Found a staircase to the Lair.
  7640 | Lair:1   | Entered Level 1 of the Lair of Beasts
  7640 | Lair:1   | Noticed an oklob plant
  7640 | Lair:1   | Found an ancient bone altar of Kikubaaqudgha.
  7660 | Lair:1   | Noticed Urug
  7660 | Lair:1   | Noticed Maggie
  7672 | Lair:1   | Killed Urug
  7673 | Lair:1   | Reached XP level 11. HP: 58/94 MP: 10/10
  7678 | Lair:1   | Killed Maggie
  7781 | Lair:1   | Slain by a komodo dragon

Illustrated notes

Levels and vault maps discovered:
D:1:      dpeg_arrival_simpleton_b, layout_rooms, minmay_stone_trees_medium
D:2:      wad_pebble_path, layout_loops_ring, serial_shops, shop,
          basic_ecumenical_altar, kennysheep_boxes
D:3:      layout_rooms, zin_statuary, serial_glass, glass_columns_a,
          glass_columns_b, feat_on_display, minmay_strange_pillars,
          ebering_ghost_rock_garden, uniq_grinder
D:4:      layout_cave_pods, minmay_temple_entry_ruins, uniq_natasha
D:5:      minmay_general_purpose_star, layout_basic, xom_confusion_cloud,
          chequers_big_river, minmay_misc_feat_x, amcnicky_mini_pool_medium,
          uniq_pikel
D:6:      layout_basic, lemuel_crystal_altar, ebering_ghost_sewer_d,
          dreamdust_gnoll_farm
D:7:      layout_loops_corners, nicolae_uskayaw_murder_on_the_dancefloor,
          uniq_menkaure
D:8:      minmay_separated_statues, layout_basic, serial_shops,
          nicolae_shop_tiny_statue_garden, fungi_pond_lemuel
D:9:      layout_loops_cross, dpeg_lair_monsters, kennysheep_small_spiral,
          minivault_8, uniq_psyche, uniq_erica
Lair:1:   layout_hall_layers, chequers_serial_rivers_room_b, lemuel_oklob_altar,
          lemuel_fruit_fields, uniq_maggie, uniq_urug

Skill      XL: |  1  2  3  4  5  6  7  8  9 10 |
---------------+-------------------------------+-----
Axes           | 4 5 6 8 10 13 15 16 | 16.0
Armour         | 3 5 7 8 |  8.9
Fighting       | 4 5 7 |  7.8
Evocations     | 3 |  3.7
Dodging        | 4 |  4.3
Shields        | 2 |  2.7

Action                     |  1- 3 |  4- 6 |  7- 9 | 10-12 || total
---------------------------+-------+-------+-------+-------++-------
  Melee: Hand axe          |    65 |    38 |    48 |       ||   151
         Headbutt          |     9 |    10 |    30 |    20 ||    69
         War axe           |       |       |   161 |   174 ||   335
         Punch             |       |       |       |     2 ||     2
 Invoke: Berserk           |     2 |     2 |     4 |     4 ||    12
         Brothers in Arms  |       |       |       |     1 ||     1
    Use: Scroll            |       |     4 |     4 |     2 ||    10
 Armour: Chain mail        |    29 |    17 |    80 |    13 ||   139
         Leather armour    |     2 |       |       |       ||     2
         Animal skin       |     1 |       |       |       ||     1
         Plate armour      |       |       |       |    63 ||    63
  Dodge: Dodged            |    27 |    12 |    75 |    57 ||   171
